 Dungeon Crawl Stone Soup version 0.30-a0-702-gdf48620a09 (webtiles) character file.

Game seed: 16324032344492496604

198 purpskrrrp the Ducker (level 5, -4/25 HPs)
             Began as a Spriggan Transmuter on Jan 22, 2023.
             Slain by an ogre
             ... wielding a +0 giant club
              (29 damage)
             ... on level 4 of the Dungeon.
             The game lasted 00:04:23 (2370 turns).

purpskrrrp the Ducker (Spriggan Transmuter)         Turns: 2370, Time: 00:04:23

Health: -4/25      AC:  4    Str:  6    XL:     5   Next: 47%
Magic:  12/12      EV: 19    Int: 14    God:
Gold:   145        SH:  0    Dex: 18    Spells: 11/12 levels left

rFire   + . .      SeeInvis +    p - +2 dagger (venom)
rCold   . . .      Faith    .    (no shield)
rNeg    . . .      Spirit   .    g - +2 robe {rF+}
rPois   .          Reflect  .    (helmet currently unavailable)
rElec   .          Harm     .    j - scarf {shadows}
rCorr   .          Rampage  .    (gloves unavailable)
Will    .....                    (boots unavailable)
Stlth   ++                       (no amulet)
HPRegen 0.24/turn                d - +4 ring of slaying
MPRegen 0.13/turn                (no ring)

@: appendages, very quick
A: horns 2, talons 2, very small, no large weapons, unfitting armour, see
invisible, speed 3
a: End Transformation


You were on level 4 of the Dungeon.
You had temporarily grown beastly horns and talons.
You visited 1 branch of the dungeon, and saw 4 of its levels.

You collected 145 gold pieces.

Inventory:

Hand Weapons
 p - a +2 dagger of venom (weapon)
Missiles
 i - 6 poisoned darts
Armour
 a - a +0 robe
 g - a +2 robe of fire resistance (worn)
 j - a scarf of shadows (worn)
Jewellery
 d - a +4 ring of slaying (left hand)
 l - a ring of resist corrosion
Scrolls
 f - 2 scrolls of torment {unknown}
 k - a scroll of summoning {unknown}
 n - 5 scrolls of identify {unknown}
 o - a scroll of enchant weapon {unknown}
 q - a scroll of noise {unknown}
Potions
 b - a potion of lignification
 c - a potion of invisibility {unknown}
 e - a potion of heal wounds {unknown}
 h - a potion of degeneration {unknown}
 m - 2 potions of curing {unknown}
 r - a potion of berserk rage {unknown}


   Skills:
 - Level 1.0 Fighting
 + Level 1.0 Short Blades
 + Level 4.4 Dodging
 * Level 2.8 Stealth
 - Level 2.5 Unarmed Combat
 + Level 4.1 Spellcasting
 + Level 4.4 Transmutations


You had 11 spell levels left.
You knew the following spells:

 Your Spells              Type           Power      Damage    Failure   Level
a - Beastly Appendage     Tmut           30%        N/A       3%          1

Your spell library contained the following spells:

 Spells                   Type           Power      Damage    Failure   Level
 Wereblood                Tmut           15%        N/A       4%          2
 Spider Form              Tmut/Pois      9%         N/A       22%         3
 Ice Form                 Ice/Tmut       9%         N/A       58%         4


Dungeon Overview and Level Annotations

Branches:
Dungeon (4/15)
 Temple: D:4-7

Altars:

Shops:
D:1 =


Innate Abilities, Weirdness & Mutations

You have temporarily grown beastly horns and talons.
You are very small and have problems with some larger weapons.
You are too small for most types of armour.
You have supernaturally acute eyesight. (SInv)
You cover ground extremely quickly. (Speed+++)


Message History

There is a stone staircase leading down here.
You climb downwards.
The howler monkey howls!
The hobgoblin shouts!
You hear an angry hiss.
You hear a shout!
There is a stone staircase leading up here.
There are monsters nearby!
You extend your transformation's duration.
You hit the hobgoblin. You claw the hobgoblin.
You kill the hobgoblin!
The howler monkey hoots and howls with incredible vigour!
An ogre comes into view. It is wielding a +0 giant club.
An iguana comes into view.
The iguana hisses angrily.
You hear a shout! x2; You hear an angry hiss.
You hear a shout! x2; You hear a bark!
You hear a shout! x3
You hear an angry hiss.
You hear a shout! x6
The howler monkey hits you but does no damage.
You see here a hobgoblin corpse.
You barely miss the howler monkey. You claw the howler monkey!
You headbutt the howler monkey!
The howler monkey is almost dead.
An adder comes into view.
The howler monkey hoots and howls with incredible vigour!
The adder hisses angrily.
You hear a shout!
You hear an angry hiss.
You hear a shout! x3; You hear an angry hiss.
You hit the howler monkey.
You kill the howler monkey!
A hobgoblin comes into view.
Your Short Blades skill increases to level 1!
Found a purple potion.
An orc comes into view. It is wielding a +0 club.
An endoplasm and 3 orcs come into view.
You barely miss the ogre. You claw the ogre.
The ogre is lightly wounded.
The ogre misses you.
You puncture the ogre!
The ogre is poisoned.
The ogre is heavily wounded.
An orc comes into view. It is wielding a +0 trident.
The ogre hits you with a +0 giant club!!
Ouch! That really hurt!
You die...

#.....#.......
..#..............
.................
##..............##
.!...........#...#
.........l.......#
........†..<#.
..#..g........#
.....S@....#..#
.....O..##......
.................
.#..o...........##
..oJo.o..........
.......#.#.##
....o..#####


You could see an ogre (very poisoned), an iguana, an adder, 5 orcs, an endoplasm
and a hobgoblin.

Vanquished Creatures
  A howler monkey (D:4)
  10 adders (D:2)
  9 endoplasms
  4 goblins
  8 hobgoblins
  3 jackals (D:1)
  14 ball pythons
  6 bats
  7 frilled lizards
  6 kobolds
  3 rats (D:1)
71 creatures vanquished.

Notes
Turn   | Place    | Note
-------+----------+-------------------------------------------
     0 | D:1      | purpskrrrp the Spriggan Transmuter began the quest for the
                  | Orb.
     0 | D:1      | Reached XP level 1. HP: 9/9 MP: 5/5
    80 | D:1      | Reached skill level 1 in Fighting
   109 | D:1      | Reached XP level 2. HP: 14/14 MP: 4/6
   506 | D:1      | Found Souhiu's Jewellery Boutique.
   662 | D:1      | Reached XP level 3. HP: 14/18 MP: 8/8
  1343 | D:2      | Reached XP level 4. HP: 17/22 MP: 8/10
  1763 | D:2      | Reached skill level 1 in Stealth
  1808 | D:2      | Reached XP level 5. HP: 25/25 MP: 10/12
  2363 | D:4      | Noticed an ogre
  2367 | D:4      | Reached skill level 1 in Short Blades
  2370 | D:4      | Slain by an ogre

Illustrated notes

Levels and vault maps discovered:
D:1:      saegor_arrival_simple_b, layout_basic, serial_shops, shop
D:2:      layout_basic, minmay_statues_item, st_stairs_3,
          chequers_serial_rivers_large_b, minmay_snake_closets
D:3:      layout_basic, amcnicky_altar_gilded, serial_shops,
          nicolae_shop_window_shopping, grunt_ministairs_5
D:4:      layout_cave_pools, nicolae_gozag_seed_capital, serial_shops,
          nicolae_shop_trees, uniq_grinder, uniq_ijyb, uniq_robin

Skill      XL: |  1  2  3  4  5 |
---------------+----------------+-----
Fighting       | 1 |  1.0
Dodging        | 3 4 |  4.4
Transmutations | 3 4 |  4.4
Spellcasting   | 3 4 |  4.1
Stealth        | 1 2 |  2.8
Short Blades   | 1 |  1.0
Unarmed Combat | |  2.5

Action                   |  1- 3 |  4- 6 || total
-------------------------+-------+-------++-------
Melee: Unarmed           |    75 |    16 ||    91
       Kick              |    18 |    14 ||    32
       Headbutt          |     9 |     5 ||    14
       Punch             |     1 |     1 ||     2
       Dagger            |       |    33 ||    33
Throw: Dart              |       |     3 ||     3
 Cast: Beastly Appendage |    22 |    23 ||    45
 Stab: Sleeping          |     2 |     4 ||     6
       Distracted        |       |     1 ||     1
Armor: Robe              |    14 |     7 ||    21
Dodge: Dodged            |    74 |    35 ||   109

Table legend: (Time is in decaauts)
 A = Elapsed time spent in this place.
 B = Non-inter-level travel time spent in this place.
 C = Inter-level travel time spent in this place.
 D = Time resting spent in this place.
 E = Time spent auto-exploring this place.
 F = Levels seen in this place.
 G = Mean time per level.
                   A        B        C        D        E       F      G
               +--------+--------+--------+--------+--------+-----+--------+
         Total |   1696 |   1614 |     82 |      5 |   1250 |   4 |  424.0 |
       Dungeon |   1696 |   1614 |     82 |      5 |   1250 |   4 |  424.0 |
               +--------+--------+--------+--------+--------+-----+--------+

Top non-repeatable levels by time:
     D:2: 851 daAuts
     D:1: 706 daAuts
     D:3: 130 daAuts
     D:4: 8 daAuts
